[Event "KSB Ostrava-Jih B - Koprivnice A"]
[Site "1. s."]
[Date "2025.02.09"]
[Round "8.1"]
[White "Lys, Josef"]
[Black "Stefanik, Marek"]
[Result "1/2-1/2"]
[ECO "D37"]
[WhiteElo "2101"]
[BlackElo "2083"]
[PlyCount "74"]
[EventDate "2025.??.??"]
[TimeControl "60/120:0"]

1. d4 Nf6 2. Nf3 d5 3. c4 e6 4. Nc3 b6 5. cxd5 Nxd5 6. e4 Nxc3 7. bxc3 Bb7 8. Bd3 c5 9. O-O Be7 10. Bb5+ Kf8 11. Qe2 cxd4 12. cxd4 Nd7 13. Bb2 Nf6 14. Bd3 h5 15. Rac1 h4 16. h3 Rc8 17. Rxc8 Qxc8 18. Rc1 Qa8 19. Nd2 Bb4 20. f3 Qb8 21. a3 Be7 22. Ba6 Kg8 23. Bxb7 Qxb7 24. Qc4 Rh5 25. Qc8+ Qxc8 26. Rxc8+ Bf8 27. e5 Nd5 28. a4 a5 29. Ba3 Nb4 30. Bxb4 axb4 31. Rb8 f6 32. f4 Rf5 33. Nb3 Rxf4 34. Rxb6 fxe5 35. a5 exd4 36. a6 Rf7 37. Rxe6 d3 1/2-1/2

[Event "KSB Ostrava-Jih B - Koprivnice A"]
[Site "8. s."]
[Date "2025.02.09"]
[Round "8.8"]
[White "Kolecek, Jiri"]
[Black "Kilian, Zdenek"]
[Result "1-0"]
[ECO "D38"]
[WhiteElo "1804"]
[BlackElo "1454"]
[PlyCount "82"]
[EventDate "2025.??.??"]
[TimeControl "60/120:0"]

1. d4 Nf6 2. c4 d5 3. Nc3 e6 4. Nf3 Bb4 5. Bg5 Bxc3+ 6. bxc3 O-O 7. e3 h6 8. Bh4 g5 9. Bg3 Ne4 10. Qc2 f5 11. Be5 Nc6 12. g3 Nxe5 13. Nxe5 Qf6 14. f3 Nd6 15. c5 Nf7 16. Nxf7 Rxf7 17. f4 c6 18. Rb1 Rg7 19. Qd2 h5 20. Qf2 Rb8 21. fxg5 Qxg5 22. Qf4 Qxf4 23. exf4 b5 24. Be2 Rh7 25. a4 a6 26. axb5 axb5 27. Ra1 Kf8 28. Kd2 h4 29. g4 h3 30. Rhg1 Rg7 31. g5 Rh7 32. Rg3 Rh4 33. Ke3 b4 34. cxb4 e5 35. dxe5 d4+ 36. Kf3 Be6 37. Kf2 Rxf4+ 38. Rf3 Rh4 39. b5 f4 40. b6 Bd5 41. Rfa3 Rg4 1-0